Map: Taito Citadel LE

Players

Asindee

  • Race: Terran Terran
  • League: Diamond
  • Spawn Location: 11:00

HoldTheDoor - Winner!

  • Race: Protoss Protoss
  • League: Diamond
  • Spawn Location: 5:00

VOD

Have the link to the VOD?

Description

Time

  • Played on: May 17, 2026, 12:11 p.m.
  • Length: 9:28
Show
View Real Time Build Order
Export as new Build Order

Asindee Terran 

Build Orders:  

Get SALT Encoding   

  12  0:00  SCV  
  13  0:12  SCV  
  14  0:17  Supply Depot  
  14  0:24  SCV  
  15  0:38  SCV  
  15  0:40  Barracks  
  16  0:44  Refinery  
  16  0:51  SCV  
  17  1:03  SCV  
  18  1:16  Refinery  
  18  1:30  Marine  
  19  1:37  SCV  
  20  1:53  Command Center  
  20  2:06  Marine  
  20  2:08  Bunker  
  21  2:15  SCV  
  22  2:17  Supply Depot  
  22  2:27  Orbital Command  
  22  2:31  Marine  
  23  2:44  Barracks  
  23  2:52  Marine  
  23  2:54  SCV  
  25  3:04  Factory  
  25  3:10  Orbital Command  
  25  3:13  Barracks Reactor  
  25  3:16  SCV  
  26  3:30  SCV  
  26  3:31  Engineering Bay  
  26  3:32  Barracks Tech Lab  
  27  3:37  SCV  
  28  3:42  SCV  
  29  3:49  SCV  
  29  3:51  Stimpack  
  29  3:53  Marauder  
  29  3:54  Marine x2  
  29  3:55  SCV  
  35  4:00  Supply Depot  
  35  4:01  SCV  
  36  4:04  Terran Infantry Weapons Level 1  
  36  4:09  SCV  
  37  4:13  Missile Turret, SCV  
  37  4:14  Marine  
  39  4:17  Marauder  
  39  4:21  SCV  
  39  4:23  Marine  
  43  4:25  SCV  
  44  4:37  SCV  
  45  4:40  Marine  
  45  4:41  Marine  
  45  4:43  SCV  
  45  4:44  Marine  
  49  4:49  SCV  
  49  4:51  Missile Turret  
  50  4:55  SCV  
  50  4:57  Marine  
  50  4:58  Starport  
  52  5:01  SCV  
  53  5:07  SCV  
  54  5:14  Marine x2, SCV  
  54  5:15  Marine  
  54  5:16  Supply Depot  
  57  5:28  SCV  
  58  5:35  SCV  
  59  5:37  Marine x2, Marauder  
  59  5:39  Starport Reactor  
  64  5:42  SCV  
  64  5:43  Supply Depot  
  63  5:54  SCV  
  63  5:55  SCV  
  65  6:05  Barracks x2  
  65  6:06  Barracks  
  65  6:07  SCV x2  
  66  6:11  Bunker  
  66  6:17  Refinery  
  66  6:22  Supply Depot  
  66  6:24  Supply Depot, Terran Infantry Armor Level 1  
  66  6:28  Engineering Bay, Armory  
  66  6:31  Marine x2, Marauder  
  70  6:33  SCV  
  71  6:44  SCV  
  72  6:50  Medivac x2  
  76  6:55  Barracks Tech Lab, Barracks Reactor  
  76  6:56  Barracks Reactor  
  76  6:57  Marine x2  
  76  6:58  Marauder, SCV  
  76  6:59  SCV  
  82  7:13  Command Center  
  81  7:17  Refinery  
  81  7:20  Medivac x2  
  85  7:24  Marauder x2, Marine x2  
  85  7:26  Concussive Shells  
  85  7:28  SCV x2  
  93  7:36  Marine  
  94  7:53  Supply Depot  
  94  8:15  Marine x5, SCV, Marauder  
  102  8:24  Marine  
  102  8:25  Medivac x2, SCV, Marauder  
  110  8:27  SCV  
  110  8:32  Marine x3  
  114  8:37  SCV  
  114  8:39  SCV  
Show
View Real Time Build Order
Export as new Build Order

HoldTheDoor Protoss - Winner!

Build Orders:  

Get SALT Encoding   

  12  0:00  Probe  
  13  0:12  Probe  
  14  0:17  Pylon  
  14  0:24  Probe  
  15  0:32  Probe  
  15  0:39  Gateway  
  15  0:40  Probe  
  17  0:50  Assimilator  
  17  0:51  Probe  
  18  1:03  Probe  
  19  1:07  Pylon  
  19  1:15  Probe  
  20  1:22  Pylon  
  20  1:27  Probe  
  21  1:41  Cybernetics Core  
  21  1:45  Probe  
  22  1:51  Nexus  
  22  1:53  Pylon  
  22  1:56  Assimilator  
  22  1:58  Probe  
  23  2:07  Adept  
  23  2:11  Probe  
  24  2:18  Warp Gate  
  26  2:24  Shield Battery  
  26  2:25  Probe  
  27  2:37  Probe  
  27  2:39  Sentry  
  30  2:52  Pylon  
  30  2:53  Probe  
  31  2:59  Robotics Facility  
  31  3:04  Probe  
  31  3:05  Probe  
  33  3:16  Probe  
  34  3:25  Gateway  
  34  3:27  Gateway  
  34  3:30  Probe  
  34  3:33  Shield Battery  
  35  3:34  Stalker  
  35  3:38  Probe  
  38  3:45  Stargate  
  38  3:50  Pylon, Probe  
  39  3:57  Immortal  
  39  3:58  Probe  
  39  4:02  Probe  
  45  4:12  Forge  
  45  4:14  Twilight Council  
  45  4:17  Probe  
  45  4:18  Probe  
  47  4:27  Zealot x2, Assimilator  
  51  4:32  Probe x2  
  51  4:35  Observer  
  54  4:44  Probe  
  54  4:45  Probe, Pylon  
  56  4:47  Phoenix  
  58  4:55  Assimilator  
  58  4:56  Probe  
  58  4:57  Probe  
  60  5:04  Charge  
  60  5:08  Probe  
  60  5:09  Probe  
  60  5:12  Zealot x3  
  68  5:28  Shield Battery  
  68  5:30  Pylon  
  68  5:33  Protoss Ground Weapons Level 1  
  68  5:48  Immortal  
  72  5:52  Stalker x3  
  78  6:03  Pylon  
  78  6:05  Gateway  
  78  6:10  Photon Cannon  
  78  6:16  Pylon  
  78  6:18  Pylon  
  78  6:20  Pylon  
  78  6:27  Pylon  
  78  6:30  Nexus  
  78  6:34  Pylon  
  78  6:37  Pylon  
  78  6:40  Probe  
  78  6:41  Phoenix  
  78  6:43  Immortal  
  85  6:50  Robotics Bay  
  85  6:51  Probe  
  86  6:54  Zealot, Pylon  
  86  6:56  Sentry  
  90  7:06  Probe x2  
  92  7:15  Protoss Ground Armor Level 1  
  92  7:20  Probe x2  
  94  7:39  Gateway  
  94  7:40  Gateway  
  94  7:42  Gateway  
  94  7:43  Probe  
  96  7:44  Probe  
  96  7:45  Gateway  
  96  7:46  Probe, Gateway  
  96  7:47  Gateway  
  97  7:54  Zealot x2  
  97  7:55  Probe  
  97  7:56  Sentry  
  97  7:57  Colossus  
  105  7:58  Probe x2  
  112  8:17  Templar Archives  
  112  8:19  Probe x3  
  115  8:20  Photon Cannon  
  115  8:24  Assimilator  
  115  8:31  Probe  
  116  8:36  Phoenix  
  98  8:52  Zealot  
  98  8:53  Zealot x6  
  100  9:07  Zealot x3  
Tags
 
Add a new tag
Caveats
  • Supply blocks, unpowered buildings, or Contaminate may cause inaccurate times.
  • Supply counts are checked every 10 seconds.